 Dungeon Crawl Stone Soup version 0.30-a0-728-gc68057be0a (webtiles) character file.

Game seed: 18168434788545379344

2688 bmack86 the Cleaver (level 9, -4/79 HPs)
             Began as a Minotaur Fighter on Feb 1, 2023.
             Was a Follower of Okawaru.
             Slain by Joseph
             ... wielding a +1 heavy quarterstaff
              (16 damage)
             ... on level 7 of the Dungeon.
             The game lasted 00:15:41 (5694 turns).

bmack86 the Cleaver (Minotaur Fighter)              Turns: 5694, Time: 00:15:41

Health: -4/79      AC: 12    Str: 31    XL:     9   Next: 38%
Magic:  9/9        EV:  8    Int:  5    God:    Okawaru [*.....]
Gold:   341        SH:  7    Dex: 16    Spells: 8/8 levels left

rFire   . . .      SeeInvis .    C - +0 broad axe
rCold   + . .      Faith    .    c - +1 buckler
rNeg    . . .      Spirit   .    m - +1 chain mail {rC+}
rPois   .          Reflect  .    (helmet restricted)
rElec   .          Harm     .    (no cloak)
rCorr   .          Rampage  .    A - +0 pair of gloves
Will    .....                    (no boots) Stlth
                                 (no amulet)
HPRegen 0.33/turn                f - +6 ring of dexterity
MPRegen 0.11/turn                j - +6 ring of strength

@: studying Axes
A: horns 2, retaliatory headbutt
a: Renounce Religion, Heroism


You were on level 7 of the Dungeon.
You worshipped Okawaru.
Okawaru was aware of your devotion.
You visited 2 branches of the dungeon, and saw 8 of its levels.
You also visited: Sewer.

You collected 341 gold pieces.

Inventory:

Hand Weapons
 a - a +0 war axe
 h - a +1 vampiric war axe
 C - a +0 broad axe (weapon)
Missiles
 r - 20 poisoned darts (quivered)
 z - 2 boomerangs
 B - 2 throwing nets
Armour
 c - a +1 buckler (worn)
 m - a +1 chain mail of cold resistance (worn)
 v - a scarf of invisibility
 A - a +0 pair of gloves (worn)
Jewellery
 f - a +6 ring of dexterity (left hand)
 j - a +6 ring of strength (right hand)
 y - a +6 ring of intelligence
Wands
 D - a wand of flame (6)
Scrolls
 e - a scroll of poison
 i - 2 scrolls of fog
 o - a scroll of fear
 q - 2 scrolls of blinking
Potions
 b - a potion of magic {unknown}
 d - a potion of might
 g - 2 potions of heal wounds
 k - 3 potions of flight
 l - 2 potions of brilliance {unknown}
 n - 3 potions of resistance {unknown}
 p - 2 potions of degeneration {unknown}
 s - 5 potions of curing
 t - a potion of attraction {unknown}
 u - 2 potions of haste {unknown}
 w - 4 potions of invisibility
 x - a potion of lignification {unknown}


   Skills:
 + Level 7.3 Fighting
 * Level 10.5 Axes
 + Level 4.3 Throwing
 + Level 7.1 Armour
 + Level 7.2 Shields
 + Level 2.1 Invocations


You had 8 spell levels left.
You didn't know any spells.
Your spell library contained the following spells:

 Spells                   Type           Power      Damage    Failure   Level
 Slow                     Hex            0%         N/A       96%         1
 Sublimation of Blood     Necr           0%         N/A       99%         2
 Confusing Touch          Hex            0%         N/A       100%        3
 Vampiric Draining        Necr           0%         2d6       100%        3
 Petrify                  Tmut/Erth      0%         N/A       100%        4
 Irradiate                Conj/Tmut      0%         3d11      100%        5


Dungeon Overview and Level Annotations

Branches:
Dungeon (7/15)             Temple (1/1) D:6           Sewer (visited)

Altars:
Ashenzari
Cheibriados
Dithmenos
Elyvilon
Fedhas
Gozag
Hepliaklqana
Kikubaaqudgha
Makhleb
Nemelex Xobeh
Okawaru
Qazlal
Ru
Sif Muna
Trog
Uskayaw
Vehumet
Wu Jian
Xom
Yredelemnul
Zin
The Shining One

Shops:
D:1 *

Annotations:
D:7 Joseph


Innate Abilities, Weirdness & Mutations

You have a pair of horns on your head.
You reflexively headbutt those who attack you in melee.


Message History

You closely miss the lemure. You miss the lemure. You slash the wight!
You destroy the wight!
Okawaru accepts your kill.
With Pikel's spell broken, his former minions thank you for their freedom.
The lemure departs this earthly plane. x2
Your Axes skill increases to level 10!
Your Armour skill increases to level 7!
Your Shields skill increases to level 7!
Your Invocations skill increases to level 2!
D - a wand of flame (6)
Things that are here:
a +2 whip of freezing; a +0 robe; the kobold corpse of Pikel
Found a stone staircase leading up.
r - 19 poisoned darts (gained 1)
r - 20 poisoned darts (gained 1)
There is a stone staircase leading up here.
You climb upwards.
There is a stone staircase leading down here.
You start resting.
HP restored.
You climb downwards.
There is a stone staircase leading up here.
Found a scroll of noise.
Joseph, a Mercenary comes into view.
He is wielding a +1 heavy quarterstaff and wearing a +2 leather armour of willpower.
Joseph shouts!
Joseph unwields a +1 heavy quarterstaff.
Joseph wields a +0 sling.
Joseph shoots a sling bullet.
The sling bullet hits you!
Joseph shoots a sling bullet.
The sling bullet hits you!
Joseph shoots a sling bullet.
The sling bullet hits you!
Joseph shoots a sling bullet.
The sling bullet hits you!
Joseph shoots a sling bullet.
The sling bullet hits you!
Joseph shoots a sling bullet.
The sling bullet hits you.
* * * LOW HITPOINT WARNING * * *
Joseph unwields a +0 sling.
Joseph wields a +1 heavy quarterstaff.
Joseph hits you with a +1 heavy quarterstaff!
* * * LOW HITPOINT WARNING * * *
You hit Joseph but do no damage. Your headbutt misses Joseph.
You hit Joseph but do no damage. Your headbutt misses Joseph.
Joseph hits you with a +1 heavy quarterstaff!
You die...

#..# ###...# #..##
##.....## # .
#..###.......# ## ..###
#............###.
.....###.............#..
................#.......
..###...........###.....
#....#......# ######
#..@.###.....# # #..@.#
##....# #....# ##...#
#..... ##..+ ..##... ..#
##.. ..# #.. ... #..


You could see Joseph.

Vanquished Creatures
  Pikel (D:7)
  Maggie (D:7)
  A troll (D:7)
  A water moccasin (D:5)
  An ice beast (D:4)
  A phantom (D:6)
  A centaur (D:6)
  2 lemures (D:7)
  A necrophage (D:6)
  A gnoll sergeant (D:4)
  2 scorpions
  A wight (D:7)
  A vampire bat (D:5)
  A howler monkey (D:4)
  A jelly (D:5)
  An orc priest (D:3)
  A gnoll bouda (D:5)
  4 hounds
  Jessica (D:2)
  4 iguanas
  4 orc wizards
  21 gnolls
  A river rat (D:3)
  11 adders
  An ufetubus (D:5)
  A worm (D:4)
  A dart slug (D:2)
  3 fire bats (D:5)
  20 orcs
  2 spectral bats (D:5)
  14 ball pythons
  14 bats
  A bat simulacrum (D:5)
  3 bat skeletons (D:5)
  A bat zombie (D:5)
  8 endoplasms
  4 giant cockroaches
  8 goblins
  9 hobgoblins
  5 jackals
  5 quokkas
  8 frilled lizards
  11 kobolds
  4 rats
188 creatures vanquished.

Vanquished Creatures (others)
  5 fungi (D:2)
  5 plants (D:2)
10 creatures vanquished.

Grand Total: 198 creatures vanquished

Notes
Turn   | Place    | Note
-------+----------+-------------------------------------------
     0 | D:1      | bmack86 the Minotaur Fighter began the quest for the Orb.
     0 | D:1      | Reached XP level 1. HP: 19/19 MP: 0/0
   180 | D:1      | Reached XP level 2. HP: 25/27 MP: 1/1
   227 | D:1      | Reached skill level 3 in Axes
   440 | D:1      | Found Veony's Assorted Antiques.
   612 | D:1      | Reached XP level 3. HP: 33/33 MP: 2/2
   969 | D:2      | Noticed Jessica
   973 | D:2      | Killed Jessica
   975 | D:2      | Reached XP level 4. HP: 40/40 MP: 3/3
  1038 | D:2      | Reached skill level 4 in Axes
  1396 | D:2      | Found a faded altar of an unknown god.
  1979 | D:3      | Found a glowing drain.
  1985 | Sewer    | Entered a sewer
  2117 | Sewer    | Reached XP level 5. HP: 47/47 MP: 4/4
  2887 | D:4      | Reached skill level 5 in Axes
  2887 | D:4      | Reached skill level 1 in Throwing
  2905 | D:4      | Reached XP level 6. HP: 55/55 MP: 5/5
  2910 | D:4      | You fall into a shaft and drop 1 floor!
  2910 | D:5      | Entered Level 5 of the Dungeon
  2954 | D:4      | Reached skill level 5 in Shields
  3028 | D:4      | Noticed an ice beast
  3043 | D:4      | Killed an ice beast
  3044 | D:4      | Reached skill level 5 in Fighting
  3044 | D:4      | Reached skill level 5 in Armour
  3064 | D:4      | Reached XP level 7. HP: 45/61 MP: 6/6
  3163 | D:4      | Reached skill level 6 in Axes
  3671 | D:5      | Found a sacrificial altar of Ru.
  3671 | D:5      | Found a bloodstained altar of Trog.
  3674 | D:5      | Found a shimmering altar of Xom.
  3825 | D:5      | Reached skill level 7 in Axes
  3825 | D:5      | Reached XP level 8. HP: 54/70 MP: 7/7
  4569 | D:6      | Identified a scroll of acquirement
  4569 | D:6      | Acquired a manual of Axes
  4684 | D:6      | Reached skill level 8 in Axes
  4955 | D:6      | Found a staircase to the Ecumenical Temple.
  4965 | Temple   | Entered the Ecumenical Temple
  5039 | Temple   | Became a worshipper of Warmaster Okawaru
  5253 | D:7      | Noticed a troll
  5265 | D:7      | Killed a troll
  5266 | D:7      | Reached skill level 9 in Axes
  5426 | D:7      | Noticed Maggie
  5441 | D:7      | Killed Maggie
  5441 | D:7      | Reached * piety under Okawaru
  5442 | D:7      | Reached skill level 1 in Invocations
  5442 | D:7      | Reached XP level 9. HP: 64/79 MP: 7/9
  5465 | D:7      | Noticed Pikel
  5479 | D:7      | Killed Pikel
  5480 | D:7      | Reached skill level 10 in Axes
  5685 | D:7      | Noticed Joseph
  5694 | D:7      | Slain by Joseph

Illustrated notes

Levels and vault maps discovered:
D:1:      giann_horns, layout_basic, serial_shops, nicolae_diamond_shop,
          feat_on_display
D:2:      layout_basic, dreamdust_ecumenical_altar_hidden_monk_grotto,
          uniq_jessica
D:3:      layout_basic, portal_sewer_entry_e, grunt_ministairs_1
D:4:      layout_cave_pools, minmay_starry_boxes
D:5:      layout_rooms, gammafunk_temple_overflow_forgotten, st_stairs_11,
          goddamned_bats
D:6:      layout_loops_ring, minmay_temple_entry_glassed_door
D:7:      layout_layer_cave, the_hattery, uniq_maggie, uniq_pikel, uniq_joseph
Temple:   compressed_dpeg_triangle_lava_temple

Skill      XL: |  1  2  3  4  5  6  7  8  9 |
---------------+----------------------------+-----
Axes           | 3 4 5 7 9 10 | 10.5
Shields        | 4 5 6 7 |  7.2
Fighting       | 4 5 7 |  7.3
Armour         | 4 5 6 7 |  7.1
Throwing       | 1 2 4 |  4.3
Invocations    | 1 2 |  2.1

Action                     |  1- 3 |  4- 6 |  7- 9 || total
---------------------------+-------+-------+-------++-------
  Melee: War axe           |    72 |   115 |   191 ||   378
         Headbutt          |     7 |    11 |    40 ||    58
         Broad axe         |       |       |    10 ||    10
  Throw: Dart              |       |       |     5 ||     5
    Use: Scroll            |     4 |     8 |     4 ||    16
         Potion            |       |     1 |       ||     1
   Stab: Distracted        |       |       |     1 ||     1
 Armour: Scale mail        |    28 |       |       ||    28
         Chain mail        |    11 |    77 |   178 ||   266
  Dodge: Dodged            |    32 |    55 |   100 ||   187
  Block: Buckler           |    25 |    59 |   105 ||   189

Table legend: (Time is in decaauts)
 A = Elapsed time spent in this place.
 B = Non-inter-level travel time spent in this place.
 C = Inter-level travel time spent in this place.
 D = Time resting spent in this place.
 E = Time spent auto-exploring this place.
 F = Levels seen in this place.
 G = Mean time per level.
                   A        B        C        D        E       F      G
               +--------+--------+--------+--------+--------+-----+--------+
         Total |   5863 |   5756 |    107 |    263 |   3371 |   9 |  651.4 |
       Dungeon |   5408 |   5301 |    107 |    263 |   3203 |   7 |  772.6 |
        Temple |    114 |    114 |      0 |      0 |      0 |   1 |  114.0 |
         Sewer |    339 |    339 |      0 |      0 |    168 |   1 |  339.0 |
               +--------+--------+--------+--------+--------+-----+--------+

Top non-repeatable levels by time:
     D:6: 984 daAuts
     D:3: 976 daAuts
     D:1: 850 daAuts
     D:2: 839 daAuts
     D:5: 779 daAuts
     D:4: 680 daAuts
   Sewer: 339 daAuts
     D:7: 298 daAuts
  Temple: 114 daAuts
